 Dungeon Crawl Stone Soup version 0.28-b1-25-g9875b3fc8c (webtiles) character file.

Game seed: 3837041736628439466

95 Lathuz the Shield-Bearer (level 4, -4/28 HPs)
             Began as a Gargoyle Fighter on Feb 4, 2022.
             Slain by a bullfrog (5 damage)
             ... summoned by the darkness of Dithmenos
             ... on level 3 of the Dungeon.
             The game lasted 00:04:48 (2142 turns).

Lathuz the Shield-Bearer (Gargoyle Fighter)         Turns: 2142, Time: 00:04:49

Health: -4/28      AC: 10    Str: 22    XL:     4   Next: 66%
Magic:  4/4        EV:  9    Int:  8    God:
Gold:   118        SH:  4    Dex:  9    Spells: 3/3 levels left

rFire   . . .      SeeInvis .   a - +0 flail
rCold   . . .      Faith    .   c - +0 buckler
rNeg    + . .      Spirit   .   b - +0 scale mail
rPois   ∞          Reflect  .   (no helmet)
rElec   +          Harm     .   (no cloak)
rCorr   .          Rampage  .   (no gloves)
Will    .....                   (no boots)
Stlth   ..........              h - amulet of the acrobat
HPRegen 0.09/turn               (no ring)
MPRegen 0.09/turn               (no ring)

@: no status effects
A: sickness immunity, AC +3, negative energy resistance 1, electricity
resistance, torment resistance 1, petrification resistance
a: no special abilities


You were on level 3 of the Dungeon.
You visited 1 branch of the dungeon, and saw 3 of its levels.

You collected 118 gold pieces.

Inventory:

Hand Weapons
 a - a +0 flail (weapon)
Missiles
 s - 26 stones (quivered)
Armour
 b - a +0 scale mail (worn)
 c - a +0 buckler (worn)
Jewellery
 h - an amulet of the acrobat (around neck)
Wands
 i - a wand of iceblast (9)
Scrolls
 d - 2 scrolls of teleportation {unknown}
 e - 3 scrolls of identify {unknown}
 g - a scroll of amnesia {unknown}
Potions
 f - a potion of attraction {unknown}
 M - 3 potions of might


   Skills:
 + Level 3.5 Fighting
 * Level 3.7 Maces & Flails
 + Level 3.5 Armour
 + Level 4.1 Shields


You had 3 spell levels left.
You didn't know any spells.
Your spell library contained the following spells:

 Spells                   Type           Power      Damage    Failure   Level
 Summon Guardian Golem    Hex/Summ       0%         N/A       99%         3
 Orb of Destruction       Conj           0%         9d5       100%        7
 Spellforged Servitor     Conj/Summ      0%         N/A       100%        7


Dungeon Overview and Level Annotations

Branches:
Dungeon (3/15)

Altars:
Dithmenos
Sif Muna


Innate Abilities, Weirdness & Mutations

You are immune to sickness and miasma.
Your stone body is resilient. (AC +3)
You are immune to poison.
You resist negative energy. (rN+)
You are resistant to electric shocks. (rElec)
You are resistant to unholy torment.
You are immune to petrification.


Message History

You climb downwards.
A bat comes into view.
The bat moves out of view.
There is a stone staircase leading up here.
You closely miss the goblin. You barely miss the bat.
The goblin hits you with a +0 club.
You closely miss the bat. You hit the goblin.
You kill the goblin!
Found 14 gold pieces.
You hit the bat.
You kill the bat!
No target in view!
No target in view!
HP restored.
You now have 118 gold pieces (gained 14).
Dithmenos weaves monsters from the shadows.
Unknown command.
You closely miss the bullfrog. You barely miss the bullfrog.
You sock the bullfrog!
The bullfrog is moderately wounded.
The bullfrog hits you. x2
You hit the bullfrog.
The bullfrog is heavily wounded.
The steam dragon claws you.
You hit the bullfrog.
The bullfrog is heavily wounded.
The steam dragon claws you. The bullfrog hits you.
* * * LOW HITPOINT WARNING * * *
The steam dragon claws you.
* * * LOW HITPOINT WARNING * * *
You hit the bullfrog.
The bullfrog is severely wounded.
The bullfrog hits you!
* * * LOW HITPOINT WARNING * * *
You miss the bullfrog.
The bullfrog is heavily wounded.
The bullfrog hits you.
You die...

#..............♣≈
#..............≈≈
##........<)......
#....#....†.....≈.
##....##.....#....≈
#...########.......
#...###......##....
#.......########...
............F@D........
....#...#############
#####...# #####


You could see a steam dragon (summoned) and a bullfrog (summoned).

Vanquished Creatures
  Terence (D:2)
  2 adders (D:2)
  2 dart slugs (D:1)
  An orc (D:2)
  3 endoplasms
  A giant cockroach (D:1)
  6 goblins
  3 hobgoblins
  3 jackals (D:1)
  3 ball pythons
  7 bats
  2 frilled lizards (D:1)
  8 kobolds
  6 rats
48 creatures vanquished.

Vanquished Creatures (others)
  5 plants (D:3)
5 creatures vanquished.

Grand Total: 53 creatures vanquished

Notes
Turn   | Place    | Note
-------+----------+-------------------------------------------
     0 | D:1      | Lathuz the Gargoyle Fighter began the quest for the Orb.
     0 | D:1      | Reached XP level 1. HP: 14/14 MP: 1/1
   153 | D:1      | Reached XP level 2. HP: 19/19 MP: 2/2
   433 | D:1      | Reached XP level 3. HP: 9/23 MP: 3/3
   909 | D:1      | Found a faded altar of an unknown god.
   913 | D:1      | Prayed at the altar of an unknown god.
   913 | D:1      | Became a worshipper of Dithmenos the Shadowed
   913 | D:1      | Reached * piety under Dithmenos
   917 | D:1      | Fell from the grace of Dithmenos
  1572 | D:2      | Noticed Terence
  1584 | D:2      | Killed Terence
  1585 | D:2      | Reached skill level 4 in Shields
  1585 | D:2      | Reached XP level 4. HP: 16/28 MP: 4/4
  1751 | D:2      | Identified the +0 robe of Tiostits {MP+9}
  1841 | D:2      | Found a shimmering blue altar of Sif Muna.
  2136 | D:3      | Noticed a bullfrog
  2136 | D:3      | Noticed a steam dragon
  2141 | D:3      | HP: 1/28 [bullfrog[the darkness of Dithmenos] (7)]
  2142 | D:3      | Slain by a bullfrog

Illustrated notes

Levels and vault maps discovered:
D:1:      scummos_arrival_simple_crosswalls, layout_loops_ring,
          ebering_ecumenical_altar_box, minmay_misc_feat_tiny
D:2:      layout_basic, basic_altar, uniq_terence
D:3:      layout_rooms, overflow_temple_1_default, serial_bayou,
          serial_bayou_lake_a, serial_bayou_shore_a, serial_bayou_lagoon_a,
          serial_bayou_shore_b, serial_bayou_pond_e

Skill      XL: |  1  2  3 |
---------------+----------+-----
Maces & Flails | 3 |  3.7
Shields        | 4 |  4.1
Fighting       | |  3.5
Armour         | |  3.5

Action                   |  1- 3 |  4- 6 || total
-------------------------+-------+-------++-------
Melee: Flail             |   115 |    33 ||   148
Throw: Stone             |    13 |     4 ||    17
Invok: Renounce Religion |     1 |       ||     1
Armor: Scale mail        |    54 |    27 ||    81
Dodge: Dodged            |    61 |    20 ||    81
Block: Buckler           |    24 |     9 ||    33
